 Dungeon Crawl Stone Soup version 0.23-a0-650-ga4d50d4 (webtiles) character file.

128 Borgoz the Sneak (level 5, -7/32 HPs)
             Began as a Kobold Assassin on Jan 2, 2019.
             Mangled by Grinder (11 damage)
             ... on level 3 of the Dungeon.
             The game lasted 00:03:32 (1696 turns).

Borgoz the Sneak (Kobold Assassin)                  Turns: 1696, Time: 00:03:33

Health: -7/32      AC:  3    Str:  8 (10) XL:     5   Next: 33%
Magic:  5/5        EV: 15    Int: 11 (12) God:
Gold:   84         SH:  0    Dex: 15 (16) Spells: 4/4 levels left

rFire    . . .     SeeInvis .   a - +2 dagger
rCold    . . .     Gourm    .   (shield restricted)
rNeg     . . .     Faith    .   c - +0 robe
rPois    .         Spirit   .   (no helmet)
rElec    .         Reflect  .   d - +0 cloak
rCorr    .         Harm     .   (no gloves)
MR       .....                  (no boots)
Stlth    +++.......             (no amulet)
HPRegen  0.10/turn              (no ring)
MPRegen  0.09/turn              (no ring)

@: no status effects
A: small, carnivore
a: no special abilities


You were on level 3 of the Dungeon.
You were completely stuffed.

You visited 1 branch of the dungeon, and saw 3 of its levels.

You collected 84 gold pieces.

Inventory:

Hand Weapons
 a - a +2 dagger (weapon)
 b - a +0 blowgun
Missiles
 e - 8 poisoned needles
 f - 2 curare-tipped needles
Armour
 c - a +0 robe (worn)
 d - a +0 cloak (worn)
Scrolls
 i - a scroll of enchant armour {unknown}
 j - 2 scrolls of identify {unknown}
 k - a scroll of fog {unknown}
 n - a scroll of teleportation {unknown}
 p - a scroll of blinking {unknown}
Potions
 h - a potion of lignification {unknown}
 l - a potion of degeneration
 m - a potion of might {unknown}
 o - a potion of brilliance {unknown}
 q - a potion of ambrosia {unknown}
Comestibles
 g - 5 rations


   Skills:
 + Level 3.1 Fighting
 + Level 3.8 Short Blades
 - Level 2.1 Throwing
 + Level 1.4 Armour
 + Level 2.8 Dodging
 + Level 6.1 Stealth


You had 4 spell levels left.
You didn't know any spells.
Your spell library was empty.

Dungeon Overview and Level Annotations

Branches:
Dungeon (2/15)

Altars:
Fedhas
Trog
Vehumet

Annotations:
D:3 Grinder


Innate Abilities, Weirdness & Mutations

You are small and have problems with some larger weapons.
You are carnivorous and can eat meat at any time.


Message History

You skewer Grinder like a kebab!!!
Grinder is almost dead.
You hit Grinder but do no damage.
Grinder is almost dead.
Grinder closely misses you.
You barely miss Grinder.
Grinder is almost dead.
Grinder hits you!
You writhe in agony.
You hit Grinder but do no damage.
Grinder is almost dead.
Grinder hits you!
* * * LOW HITPOINT WARNING * * *
You writhe in agony.
* * * LOW HITPOINT WARNING * * *
You are too injured to fight recklessly!
It was a potion of degeneration.
There was something very wrong with that liquid.
You feel weakened.
You feel dopey.
You feel clumsy. Grinder hits you!
You die...

######.###
#.........
#@####...$
#5# # #.#
).# ###


You could see Grinder.

Vanquished Creatures
  A bullfrog (D:2)
  An adder (D:2)
  A worm (D:2)
  A leopard gecko (D:2)
  8 bats
  3 giant cockroaches
  9 goblins
  2 hobgoblins (D:1)
  3 jackals (D:1)
  A quokka (D:2)
  2 frilled lizards (D:1)
  5 kobolds
  4 rats
41 creatures vanquished.

Notes
Turn   | Place    | Note
-------+----------+-------------------------------------------
     0 | D:1      | Borgoz the Kobold Assassin began the quest for the Orb.
     0 | D:1      | Reached XP level 1. HP: 12/12 MP: 1/1
    15 | D:1      | You fall through a shaft!
   129 | D:1      | Reached XP level 2. HP: 7/18 MP: 2/2
   670 | D:1      | Reached XP level 3. HP: 22/22 MP: 3/3
  1193 | D:2      | Found a radiant altar of Vehumet.
  1222 | D:2      | Found a bloodstained altar of Trog.
  1224 | D:2      | Reached XP level 4. HP: 27/27 MP: 4/4
  1233 | D:2      | Noticed a bullfrog
  1253 | D:2      | Killed a bullfrog
  1253 | D:2      | Reached skill level 1 in Armour
  1253 | D:2      | Reached skill level 6 in Stealth
  1253 | D:2      | Reached XP level 5. HP: 13/32 MP: 5/5
  1511 | D:2      | Found a blossoming altar of Fedhas.
  1690 | D:2      | You fall through a shaft!
  1691 | D:3      | Noticed Grinder
  1696 | D:3      | Mangled by Grinder

Vault maps used:
D:1:      minmay_arrival_widening_spiral_wide
D:2:      lemuel_round_altar, lemuel_crystal_altar, lemuel_doored_altar
D:3:      kennysheep_vampire_church, uniq_grinder

Skill      XL: |  1  2  3  4 |
---------------+-------------+-----
Short Blades   | 3 |  3.8
Dodging        | 2 |  2.8
Fighting       | 3 |  3.1
Armour         | 1 |  1.4
Stealth        | 6 |  6.1
Throwing       | |  2.1

Action                   |  1- 3 |  4- 6 || total
-------------------------+-------+-------++-------
Melee: Dagger            |   121 |    26 ||   147
 Fire: Blowgun           |       |     6 ||     6
  Use: Potion            |       |     1 ||     1
 Stab: Sleeping          |     8 |     3 ||    11
  Eat: Chunk             |     9 |     2 ||    11
Armor: Robe              |    48 |       ||    48
Dodge: Dodged            |   113 |    17 ||   130

Table legend:
 A = Non-vault XP
 B = Vault XP
 C = Vault XP percentage of total XP
 D = Non-vault monster count
 E = Vault monster count
 F = Vault count percentage of total count
                 A         B        C        D         E       F
            +---------+---------+-------+---------+---------+-------
      Total |     183 |       0 |   0.0 |      41 |       0 |   0.0
            +---------+---------+-------+---------+---------+-------
        D:1 |      49 |       0 |   0.0 |      29 |       0 |   0.0
        D:2 |     134 |       0 |   0.0 |      12 |       0 |   0.0
            +---------+---------+-------+---------+---------+-------
